 Dungeon Crawl Stone Soup version 0.24-a0-434-gd57e52fea8 (webtiles) character file.

Game seed: 4698614649122369773

107 krystol the Magician (level 4, 0/32 HPs)
             Began as a Mummy Fire Elementalist on June 16, 2019.
             Slain by a river rat (7 damage)
             ... in a sewer.
             The game lasted 00:06:10 (3511 turns).

krystol the Magician (Mummy Fire Elementalist)      Turns: 3511, Time: 00:06:10

Health: 0/32       AC:  2    Str: 11    XL:     4   Next: 57%
Magic:  2/9        EV: 12    Int: 15    God:
Gold:   84         SH:  0    Dex: 12    Spells: 3/9 levels left

rFire    x . .     SeeInvis .   e - +0 hunting sling
rCold    + . .     Gourm    .   (no shield)
rNeg     + + +     Faith    .   a - +0 robe
rPois    ∞         Spirit   .   (no helmet)
rElec    .         Reflect  .   (no cloak)
rCorr    .         Harm     .   (no gloves)
MR       .....                  (no boots)
Stlth    ++........             (no amulet)
HPRegen  0.10/turn              g - ring of poison resistance
MPRegen  0.11/turn              (no ring)

@: very slightly contaminated
A: no food or potions, fire vulnerability, cold resistance 1, negative energy
resistance 3, torment resistance, unbreathing
a: no special abilities


You were in a sewer.
You were not hungry.

You visited 1 branch of the dungeon, and saw 3 of its levels.
You also visited: Sewer.

You collected 84 gold pieces.

Inventory:

Hand Weapons
 c - a +1 dagger
   (You took it off a goblin on level 1 of the Dungeon)
 e - a +0 hunting sling (weapon)
   (You found it on level 1 of the Dungeon)
Missiles
 b - 5 sling bullets (quivered)
Armour
 a - a +0 robe (worn)
Jewellery
 g - a ring of poison resistance (left hand)
   (You found it on level 1 of the Dungeon)
Scrolls
 d - 2 scrolls of remove curse {@r2}
 f - a scroll of identify {@r1}


   Skills:
 + Level 1.3 Fighting
 - Level 1.5 Dodging
 - Level 1.5 Stealth
 + Level 3.3 Spellcasting
 * Level 2.1 Conjurations
 * Level 1.1 Necromancy
 * Level 3.0 Fire Magic


You had 3 spell levels left.
You knew the following spells:

 Your Spells              Type           Power        Failure   Level  Hunger
a - Flame Tongue          Conj/Fire      ##...        7%          1    N/A
b - Confusing Touch       Hex            #.....       19%         1    N/A
d - Conjure Flame         Conj/Fire      ##......     21%         3    N/A
u - Animate Skeleton      Necr           N/A          12%         1    N/A

Your spell library contained the following spells:

 Spells                   Type           Power        Failure   Level  Hunger
 Throw Flame              Conj/Fire      ##....       10%         2    N/A
 Apportation              Tloc           #.....       19%         1    N/A
 Summon Small Mammal      Summ           #...         19%         1    N/A
 Inner Flame              Hex/Fire       #.......     30%         3    N/A
 Sticky Flame             Conj/Fire      ##......     54%         4    N/A
 Fireball                 Conj/Fire      ##........   88%         5    N/A

Dungeon Overview and Level Annotations

Branches:
Dungeon (3/15)

Altars:


Innate Abilities, Weirdness & Mutations

You do not eat or drink.
Your flesh is vulnerable to fire.
You are immune to poison.
Your flesh is cold resistant. (rC+)
You are immune to negative energy. (rN+++)
You are immune to unholy pain and torment.
You can survive without breathing.


Message History

The river rat bites you but does no damage.
The river rat closely misses you.
Firing (i - inventory)
b - 14 sling bullets (quivered)
Aim: a river rat (resting)
You shoot a sling bullet.
The sling bullet closely misses the river rat. x2
The sling bullet hits the river rat.
The river rat closely misses you.
Firing (i - inventory)
b - 13 sling bullets (quivered)
Aim: a river rat (heavily wounded)
You shoot a sling bullet.
The sling bullet completely misses the river rat.
The sling bullet hits the river rat!
The river rat bites you.
Firing (i - inventory)
b - 12 sling bullets (quivered)
Aim: a river rat (heavily wounded)
You shoot a sling bullet. The sling bullet hits the river rat.
You kill the river rat!
Your Necromancy skill increases to level 1!
Firing (i - inventory)
b - 11 sling bullets (quivered)
Aim: a river rat (heavily wounded)
You shoot a sling bullet. The sling bullet hits the river rat.
The river rat bites you! The river rat bites you.
Firing (i - inventory)
b - 10 sling bullets (quivered)
Aim: a river rat (heavily wounded)
You shoot a sling bullet.
The sling bullet closely misses the river rat. x2
The river rat barely misses you. The river rat closely misses you.
The river rat bites you.
* * * LOW HITPOINT WARNING * * *
Firing (i - inventory)
b - 9 sling bullets (quivered)
Aim: a river rat (heavily wounded)
You shoot a sling bullet.
The sling bullet hits the river rat but does no damage.
The river rat closely misses you. x2
Firing (i - inventory)
b - 8 sling bullets (quivered)
Aim: a river rat (heavily wounded)
You shoot a sling bullet. The sling bullet hits the river rat.
You kill the river rat!
The river rat barely misses you.
Firing (i - inventory)
b - 7 sling bullets (quivered)
Aim: a river rat (heavily wounded)
You shoot a sling bullet.
The sling bullet barely misses the river rat.
The river rat closely misses you. The river rat bites you.
* * * LOW HITPOINT WARNING * * *
Firing (i - inventory)
b - 6 sling bullets (quivered)
Aim: a river rat (heavily wounded)
You shoot a sling bullet.
The sling bullet closely misses the river rat.
The river rat bites you!
You die...

#≈#
#.#
#.#
#.#
#.#
#(#
#r#
#@#
#r#
#r#
#.#
#.#
#.#
#.#
###


You could see 2 river rats and a rat.

Vanquished Creatures
  A worker ant zombie (D:2)
  2 river rats (Sewer)
  An ooze (D:1)
  3 worms (D:2)
  2 dart slugs
  A leopard gecko (D:1)
  An orc (D:3)
  A ball python (D:1)
  7 bats
  5 giant cockroaches
  6 hobgoblins
  9 frilled lizards
  10 goblins
  7 kobolds
  6 rats
62 creatures vanquished.

Notes
Turn   | Place    | Note
-------+----------+-------------------------------------------
     0 | D:1      | krystol the Mummy Fire Elementalist began the quest for the
                  | Orb.
     0 | D:1      | Reached XP level 1. HP: 13/13 MP: 4/4
   255 | D:1      | Reached skill level 1 in Conjurations
   294 | D:1      | Reached XP level 2. HP: 20/20 MP: 0/5
   987 | D:1      | Reached XP level 3. HP: 19/25 MP: 3/7
  1265 | D:1      | Reached skill level 1 in Fighting
  1587 | D:2      | Learned a level 3 spell: Conjure Flame
  1869 | D:2      | Learned a level 1 spell: Animate Skeleton
  2483 | D:2      | Reached XP level 4. HP: 30/32 MP: 1/8
  2603 | D:2      | Learned a level 1 spell: Confusing Touch
  3494 | D:3      | Found a glowing drain.
  3499 | Sewer    | Entered a sewer
  3505 | Sewer    | Reached skill level 1 in Necromancy
  3511 | Sewer    | Slain by a river rat

Levels and vault maps discovered:
D:1:      saegor_arrival_simple_d, layout_loops_ring,
          chequers_serial_rivers_small_a
D:2:      layout_basic
D:3:      layout_basic, amethyst_overflow_temple_binary, portal_sewer_entry_e
Sewer:    sewer_kobolds

Skill      XL: |  1  2  3  4 |
---------------+-------------+-----
Conjurations   | 1 2 |  2.1
Spellcasting   | 3 |  3.3
Fighting       | 1 |  1.3
Fire Magic     | 3 |  3.0
Necromancy     | 1 |  1.1
Dodging        | |  1.5
Stealth        | |  1.5

Action                   |  1- 3 |  4- 6 || total
-------------------------+-------+-------++-------
Melee: Unarmed           |    27 |       ||    27
       Dagger            |    21 |     8 ||    29
 Fire: Hunting sling     |       |    21 ||    21
 Cast: Flame Tongue      |    79 |    22 ||   101
       Confusing Touch   |       |     1 ||     1
  Use: Scroll            |       |     8 ||     8
Armor: Robe              |    18 |     1 ||    19
Dodge: Dodged            |    64 |    10 ||    74

Table legend:
 A = Non-vault XP
 B = Vault XP
 C = Vault XP percentage of total XP
 D = Non-vault monster count
 E = Vault monster count
 F = Vault count percentage of total count
                 A         B        C        D         E       F
            +---------+---------+-------+---------+---------+-------
      Total |     127 |      27 |  17.5 |      60 |       2 |   3.2
            +---------+---------+-------+---------+---------+-------
        D:1 |      54 |       0 |   0.0 |      32 |       0 |   0.0
        D:2 |      55 |       0 |   0.0 |      20 |       0 |   0.0
        D:3 |      18 |       0 |   0.0 |       8 |       0 |   0.0
      Sewer |       0 |      27 | 100.0 |       0 |       2 | 100.0
            +---------+---------+-------+---------+---------+-------
